 Dungeon Crawl Stone Soup version 0.28-a0-1613-gdaab1c2f9b (webtiles) character file.

Game seed: 5463808576016500905

59 Pin the Skirmisher (level 4, 0/40 HPs)
             Began as a Hill Orc Fighter on Jan 22, 2022.
             Slain by a dart slug (1 damage)
             ... on level 2 of the Dungeon.
             The game lasted 00:01:47 (1291 turns).

Pin the Skirmisher (Hill Orc Fighter)               Turns: 1291, Time: 00:01:47

Health: 0/40       AC: 10    Str: 20    XL:     4   Next: 3%
Magic:  4/4        EV:  9    Int:  8    God:
Gold:   54         SH:  4    Dex: 10    Spells: 3/3 levels left

rFire   . . .      SeeInvis .   a - +0 war axe
rCold   . . .      Faith    .   c - +0 buckler
rNeg    . . .      Spirit   .   b - +0 scale mail
rPois   .          Reflect  .   (no helmet)
rElec   .          Harm     .   e - +0 cloak
rCorr   .          Rampage  .   j - +0 pair of gloves
Will    .....                   f - +0 pair of boots
Stlth   ..........              (no amulet)
HPRegen 0.13/turn               (no ring)
MPRegen 0.09/turn               (no ring)

@: lethally poisoned (0 -> -3)
A: no striking features
a: no special abilities


You were on level 2 of the Dungeon.
You visited 1 branch of the dungeon, and saw 2 of its levels.

You collected 54 gold pieces.

Inventory:

Hand Weapons
 a - a +0 war axe (weapon)
Armour
 b - a +0 scale mail (worn)
 c - a +0 buckler (worn)
 e - a +0 cloak (worn)
 f - a +0 pair of boots (worn)
 j - a +0 pair of gloves (worn)
Scrolls
 g - 2 scrolls of fear {unknown}
 h - a scroll of noise {unknown}
 i - a scroll of blinking {unknown}
 k - a scroll of enchant armour {unknown}
 l - a scroll of enchant weapon {unknown}
Potions
 d - a potion of might


   Skills:
 + Level 4.2 Fighting
 + Level 3.6 Axes
 + Level 3.8 Armour
 + Level 3.9 Shields


You had 3 spell levels left.
You didn't know any spells.
Your spell library was empty.

Dungeon Overview and Level Annotations

Branches:
Dungeon (2/15)

Altars:


Message History

The goblin unwields a +0 hunting sling.
The goblin wields a +0 club.
The goblin hits you with a +0 club. The dart slug launches a dart at you.
The slug dart hits you but does no damage.
The goblin shoots a stone.
The stone closely misses you.
You barely miss the goblin. The goblin hits you but does no damage.
Robin roars a battlecry!
The goblin goes into a battle-frenzy!
You hit the goblin.
You kill the goblin!
You barely miss the goblin.
The goblin unwields a +0 hunting sling.
The goblin wields a +0 dagger.
The goblin hits you but does no damage.
You slash Robin!
Robin is almost dead.
You closely miss the goblin. The goblin barely misses you.
Robin hits you but does no damage.
You are poisoned.
The goblin closely misses you.
You hit Robin but do no damage.
Robin is almost dead.
You barely miss the goblin.
* * * LOW HITPOINT WARNING * * *
You feel very sick. Robin throws the goblin at you!
* * * LOW HITPOINT WARNING * * *
You block the goblin's attack. Robin barely misses you.
You slash Robin!
You kill Robin!
You barely miss the goblin. You hit the dart slug.
* * * LOW HITPOINT WARNING * * *
You feel sick. The goblin hits you with a +0 dagger.
* * * LOW HITPOINT WARNING * * *
The dart slug barely misses you.
You have reached level 4!
You hit the dart slug.
The dart slug is almost dead.
You barely miss the goblin.
* * * LOW HITPOINT WARNING * * *
You feel sick. The goblin hits you but does no damage. The dart slug bites you.
You die...

#.# #.#####
#.# ##.##
#.#.#.##
##...##
######......#
#..†..#
#......#.#.##
##...##
#.#####.....#
###.#####.#
##.#.##
..........#
#.....#
###.#######
##)#.## #.#
#g@)>.# #.#
##w#.## #.#
...... #.#
.#.#.#.# ..#
#.......# ..#
# #.# #.# ...
.. #.# ##


You could see a dart slug and a goblin (strong).

Vanquished Creatures
  Robin (D:2)
  A dart slug (D:2)
  2 ball pythons
  6 bats
  An endoplasm (D:1)
  2 giant cockroaches (D:1)
  11 goblins
  5 hobgoblins
  3 kobolds (D:1)
  A quokka (D:1)
  5 frilled lizards
  4 rats (D:1)
42 creatures vanquished.

Notes
Turn   | Place    | Note
-------+----------+-------------------------------------------
     0 | D:1      | Pin the Hill Orc Fighter began the quest for the Orb.
     0 | D:1      | Reached XP level 1. HP: 19/19 MP: 1/1
   282 | D:1      | Found a faded altar of an unknown god.
   338 | D:1      | Reached XP level 2. HP: 26/27 MP: 2/2
   792 | D:1      | Reached skill level 4 in Fighting
   860 | D:1      | Reached XP level 3. HP: 33/33 MP: 3/3
  1281 | D:2      | Noticed Robin
  1290 | D:2      | Killed Robin
  1290 | D:2      | HP: 1/33 [goblin[Robin] (4)]
  1291 | D:2      | Reached XP level 4. HP: 2/40 MP: 4/4
  1291 | D:2      | Slain by a dart slug

Illustrated notes

Levels and vault maps discovered:
D:1:      onia_arrival_mini_maze_b, layout_loops_corners,
          shapermc_ecumenical_altar_acropolis
D:2:      layout_loops_corners, serial_bayou_pond_e, st_stairs_13, uniq_robin,
          uniq_sigmund

Skill      XL: |  1  2 |
---------------+-------+-----
Axes           | 3 |  3.6
Fighting       | 4 |  4.2
Armour         | |  3.8
Shields        | |  3.9

Action                   |  1- 3 |  4- 6 || total
-------------------------+-------+-------++-------
Melee: War axe           |   102 |     1 ||   103
Armor: Scale mail        |    85 |     1 ||    86
Dodge: Dodged            |    55 |       ||    55
Block: Buckler           |    28 |       ||    28

Table legend: (Time is in decaauts)
 A = Elapsed time spent in this place.
 B = Non-inter-level travel time spent in this place.
 C = Inter-level travel time spent in this place.
 D = Time resting spent in this place.
 E = Time spent auto-exploring this place.
 F = Levels seen in this place.
 G = Mean time per level.
                   A        B        C        D        E       F      G
               +--------+--------+--------+--------+--------+-----+--------+
         Total |   1329 |   1267 |     62 |      0 |    992 |   2 |  664.5 |
       Dungeon |   1329 |   1267 |     62 |      0 |    992 |   2 |  664.5 |
               +--------+--------+--------+--------+--------+-----+--------+

Top non-repeatable levels by time:
     D:1: 1062 daAuts
     D:2: 266 daAuts
